 Dungeon Crawl Stone Soup version 0.19-a0-45-g2c295ea (webtiles) character file.

358 Zhenya25pyc the Skirmisher (level 6, 0/39 HPs)
             Began as a Gargoyle Fighter on May 5, 2016.
             Slain by protoss039's ghost (6 damage)
             ... on level 4 of the Dungeon.
             The game lasted 00:04:50 (2177 turns).

Zhenya25pyc the Skirmisher (Gargoyle Fighter)       Turns: 2177, Time: 00:04:51

Health: 0/39       AC: 12    Str: 21    XL:     6   Next: 64%
Magic:  6/6        EV:  7    Int:  9    God:
Gold:   133        SH:  9    Dex:  9    Spells: 0 memorised, 5 levels left

rFire  . . .     SeeInvis .     a - +0 flail
rCold  . . .     Gourm    .     b - +0 scale mail
rNeg   + . .     Faith    .     c - +0 shield
rPois  ∞         Spirit   .     (no helmet)
rElec  +         Dismiss  .     (no cloak)
rCorr  .         Reflect  .     (no gloves)
SustAt .         Harm     .     s - +0 pair of boots
MR     .....                    o - amulet of regeneration
Stlth  ..........               (no ring)
                                (no ring)

@: not resistant to hostile enchantments, extremely unstealthy
A: negative energy resistance 1, electricity resistance, unbreathing,
petrification resistance, rot immunity, AC +4
a: no special abilities


You were on level 4 of the Dungeon.
You were not hungry.

You visited 1 branch of the dungeon, and saw 4 of its levels.

You collected 133 gold pieces.

Inventory:

Hand Weapons
 a - a +0 flail (weapon)
Armour
 b - a +0 scale mail (worn)
 c - a +0 shield (worn)
 s - a +0 pair of boots (worn)
Jewellery
 o - an amulet of regeneration (around neck)
Scrolls
 e - 2 scrolls of amnesia {unknown}
 g - 4 scrolls of teleportation {unknown}
 h - 2 scrolls of magic mapping {unknown}
 i - a scroll of remove curse {unknown}
 j - a scroll of immolation {unknown}
 k - 7 scrolls of identify {unknown}
 n - a scroll of random uselessness {unknown}
 p - 2 scrolls of fog {unknown}
Potions
 d - a potion of might
 l - 2 potions of heal wounds {unknown}
 q - a potion of curing {unknown}
 r - 2 potions of degeneration {unknown}
 u - a potion of mutation {unknown}
 v - a potion of brilliance {unknown}
Comestibles
 f - 2 bread rations
 m - 2 meat rations
 t - a royal jelly
 w - a chunk of flesh


   Skills:
 + Level 4.7 Fighting
 * Level 4.3 Maces & Flails
 + Level 4.7 Armour
 + Level 4.5 Shields


You had 5 spell levels left.
You didn't know any spells.

Dungeon Overview and Level Annotations

Branches:
Dungeon (4/15)
 Temple: D:4-7

Altars:
Elyvilon
Makhleb
Ru
Trog

Annotations:
D:4 protoss039's ghost, amateur HuFi


Innate Abilities, Weirdness & Mutations

You are resistant to torment.
Your stone body is resilient (AC +4).
You are immune to poison.
You resist negative energy.
You are resistant to electric shocks.
You can survive without breathing.
You are immune to petrification.
You are immune to rotting.


Message History

Protoss039's ghost hits you.
You hit protoss039's ghost.
Protoss039's ghost is moderately damaged.
Protoss039's ghost hits you! Protoss039's ghost hits you.
You hit protoss039's ghost.
Protoss039's ghost is heavily damaged.
You block protoss039's ghost's attack.
You barely miss protoss039's ghost.
Protoss039's ghost is heavily damaged.
Protoss039's ghost barely misses you.
There is a stone staircase leading up here.
You hit protoss039's ghost but do no damage.
Protoss039's ghost is heavily damaged.
Protoss039's ghost hits you but does no damage.
You hit protoss039's ghost but do no damage.
Protoss039's ghost is heavily damaged.
Protoss039's ghost hits you!
* * * LOW HITPOINT WARNING * * *
Protoss039's ghost hits you.
You die...

############
#..!........
#.........#
#.........#
#.@W......#
#.........#
##.##.#####
#..# .# #.##
.# #. .. ..
.. ##. .#.
...


You could see protoss039's ghost.

Vanquished Creatures
  An eye of draining (D:3)
  Jessica (D:2)
  Natasha (thrice) (D:2)
  9 adders
  A worm (D:3)
  2 dart slugs
  A giant gecko (D:1)
  3 orcs (D:3)
  2 giant cockroaches (D:1)
  6 goblins
  10 hobgoblins
  11 jackals
  7 kobolds
  2 quokkas
  2 ball pythons
  15 bats
  2 giant newts (D:1)
  A jackal zombie (D:1)
  A quokka zombie (D:1)
  4 rats
84 creatures vanquished.

Notes
Turn   | Place    | Note
--------------------------------------------------------------
     0 | D:1      | Zhenya25pyc the Gargoyle Fighter began the quest for the Orb.
     0 | D:1      | Reached XP level 1. HP: 14/14 MP: 1/1
   140 | D:1      | Reached XP level 2. HP: 19/19 MP: 2/2
   242 | D:1      | Reached XP level 3. HP: 20/23 MP: 3/3
   990 | D:2      | Reached XP level 4. HP: 29/29 MP: 4/4
   996 | D:2      | Noticed Natasha
  1001 | D:2      | Killed Natasha
  1005 | D:2      | Noticed Jessica
  1011 | D:2      | Killed Jessica
  1011 | D:2      | Reached XP level 5. HP: 16/33 MP: 5/5
  1068 | D:2      | Noticed Natasha
  1074 | D:2      | Killed Natasha
  1271 | D:2      | Noticed Natasha
  1299 | D:2      | Killed Natasha
  1323 | D:2      | Found a burning altar of Makhleb.
  1598 | D:3      | Reached XP level 6. HP: 39/39 MP: 6/6
  1870 | D:3      | Noticed an eye of draining
  1871 | D:3      | Found a bloodstained altar of Trog.
  1895 | D:3      | Killed an eye of draining
  2131 | D:3      | Found a sacrificial altar of Ru.
  2133 | D:3      | Found a white marble altar of Elyvilon.
  2160 | D:4      | Noticed protoss039's ghost (amateur HuFi)
  2177 | D:4      | Slain by protoss039's ghost

Vault maps used:
D:1:      saegor_arrival_fortress
D:2:      lemuel_round_altar, uniq_jessica, uniq_natasha
D:3:      trog_eyes_of_draining, nicolae_overflow_hidden_temple
D:4:      first_bread, minmay_misc_feat_nine_boxes

Skill      XL: |  1  2  3  4  5  6 |
---------------+-------------------+-----
Fighting       | 4 |  4.7
Maces & Flails | 3 4 |  4.3
Armour         | 4 |  4.7
Shields        | 4 |  4.5

Action                   |  1- 3 |  4- 6 || total
-------------------------+-------+-------++-------
Melee: Flail             |   144 |   238 ||   382
  Eat: Chunk             |     1 |     4 ||     5
Armor: Scale mail        |   129 |   222 ||   351
Dodge: Dodged            |    64 |    99 ||   163
Block: Shield            |    98 |   195 ||   293
